 Dungeon Crawl Stone Soup version 0.22-a0-110-g5b255cf (webtiles) character file.

453 SnubMonkey the Archer (level 6, -4/52 HPs)
             Began as a Centaur Hunter on Jan 27, 2018.
             Slain by a killer bee (7 damage)
             ... on level 4 of the Dungeon.
             The game lasted 00:15:22 (6021 turns).

SnubMonkey the Archer (Centaur Hunter)              Turns: 6021, Time: 00:15:22

Health: -4/52      AC:  5    Str: 17    XL:     6   Next: 75%
Magic:  6/6        EV:  8    Int: 10    God:
Gold:   95         SH:  0    Dex:  9    Spells: 5/5 levels left

rFire    + . .     SeeInvis .   b - +0 short sword
rCold    x . .     Gourm    .   (no shield)
rNeg     . . .     Faith    .   j - +0 ring mail
rPois    .         Spirit   .   (no helmet)
rElec    .         Reflect  .   (no cloak)
rCorr    .         Harm     .   (no gloves)
MR       .....                  (no barding)
Stlth    ..........             (no amulet)
HPRegen  0.17/turn              k - ring of fire
MPRegen  0.10/turn              (no ring)

@: lethally poisoned (-4 -> -19), very quick
A: large, hooves 3, deformed body, speed 2, tough skin 3
a: no special abilities


You were on level 4 of the Dungeon.
You were not hungry.

You visited 1 branch of the dungeon, and saw 5 of its levels.

You collected 95 gold pieces.

Inventory:

Hand Weapons
 a - a +1 shortbow
 b - a +0 short sword (weapon)
 o - a +0 trident
 p - a +2 whip of freezing
 v - a +0 falchion
 C - a +0 long sword
Missiles
 d - 7 arrows (quivered)
 i - a throwing net
Armour
 j - a +0 ring mail (worn)
Jewellery
 k - a ring of fire (left hand)
 u - an uncursed ring of protection from magic {unknown}
 A - an uncursed ring of wizardry {unknown}
Wands
 w - a wand of paralysis (10)
Scrolls
 e - 2 scrolls of remove curse
 h - 2 scrolls of blinking
 q - a scroll of enchant armour {unknown}
 s - a scroll of random uselessness {unknown}
 x - a scroll of fear
 z - 2 scrolls of amnesia {unknown}
 B - a scroll of noise {unknown}
Potions
 c - a potion of ambrosia {unknown}
 l - a potion of brilliance {unknown}
 m - a potion of agility {unknown}
 n - 2 potions of heal wounds
 r - a potion of might {unknown}
 t - a potion of magic {unknown}
 D - a potion of haste {unknown}
Books
 y - a book of Minor Magic

   Spells                             Type                      Level
   a - Magic Dart                     Conjuration                  1
   b - Blink                          Translocation                2
   c - Call Imp                       Summoning                    2
   d - Slow                           Hexes                        2
   e - Conjure Flame                  Conjuration/Fire             3
   f - Mephitic Cloud                 Conjuration/Poison/Air       3
Comestibles
 f - 6 rations
 g - a chunk of flesh


   Skills:
 + Level 3.8 Fighting
 * Level 9.7 Bows
 - Level 1.3 Dodging
 - Level 0.4 Stealth


You had 5 spell levels left.
You didn't know any spells.

Dungeon Overview and Level Annotations

Branches:
Dungeon (5/15)
 Temple: D:4-7

Altars:
Makhleb
Xom

Annotations:
D:4 2 transporters, Pikel


Innate Abilities, Weirdness & Mutations

You have hooves in place of feet.
Armour fits poorly on your strangely shaped body.
You cover ground very quickly.
You have extremely tough skin. (AC +3)


Message History

You hit the killer bee but do no damage.
Your kick misses the killer bee.
You feel sick. The killer bee stings you.
* * * LOW HITPOINT WARNING * * *
You are more poisoned.
The killer bee poisons you! The killer bee stings you!
* * * LOW HITPOINT WARNING * * *
You are lethally poisoned!
The killer bee poisons you!
You closely miss the killer bee.
* * * LOW HITPOINT WARNING * * *
You feel sick. The killer bee stings you.
* * * LOW HITPOINT WARNING * * *
The killer bee stings you.
* * * LOW HITPOINT WARNING * * *
You closely miss the killer bee.
* * * LOW HITPOINT WARNING * * *
You feel sick. The killer bee stings you.
* * * LOW HITPOINT WARNING * * *
The killer bee stings you!
You die...

###...# #.###
#...###.##.##.###
###.#####.# #.#........##.#
#.......#####...###.......#
##########......# #.##.##.#
#.##.#.# #.##.##.# #.#..#.#
#.......###
#.#.##.######.#####.
#...<...# #.....# #.
#..@y...# #.....# #.
##..###.# #.....# #.
#....#.# #.....# #.
#.##.#.# #.....# #.
#......# ####### #.
####.############## #.#
#........... #.#
#.#####..### #.#
#.##.......#


You could see a killer bee.

Vanquished Creatures
  The ghost of Csabeeboy the Skirmisher, an amateur DrWn (D:3)
  A slave (D:4)
  A black bear (D:4)
  A worker ant (D:4)
  Terence (D:2)
  A hound zombie (D:5)
  4 gnolls (D:4)
  5 adders
  A howler monkey skeleton (D:4)
  An adder zombie (D:5)
  2 dart slugs
  A leopard gecko (D:2)
  5 orcs (D:3)
  4 giant cockroaches
  6 goblins
  2 hobgoblins
  3 jackals (D:1)
  8 kobolds
  A bat (D:3)
  6 frilled lizards
  9 rats
64 creatures vanquished.

Vanquished Creatures (others)
  2 adders (D:4)
2 creatures vanquished.

Grand Total: 66 creatures vanquished

Notes
Turn   | Place    | Note
-------+----------+-------------------------------------------
     0 | D:1      | SnubMonkey the Centaur Hunter began the quest for the Orb.
     0 | D:1      | Reached XP level 1. HP: 17/17 MP: 1/1
   115 | D:1      | Reached skill level 6 in Bows
   115 | D:1      | Reached XP level 2. HP: 24/24 MP: 2/2
   835 | D:2      | Noticed Terence
   935 | D:2      | Killed Terence
   935 | D:2      | Reached skill level 7 in Bows
   935 | D:2      | Reached XP level 3. HP: 5/29 MP: 3/3
  1734 | D:2      | Reached XP level 4. HP: 24/36 MP: 4/4
  2116 | D:3      | Noticed Csabeeboy's ghost (amateur DrWn)
  3011 | D:3      | Found a burning altar of Makhleb.
  3411 | D:3      | Killed Csabeeboy's ghost
  3411 | D:3      | Reached skill level 8 in Bows
  3411 | D:3      | Reached XP level 5. HP: 28/45 MP: 5/5
  3556 | D:4      | Found a transporter.
  3592 | D:4      | Noticed a slave
  3627 | D:4      | Reached skill level 9 in Bows
  3912 | D:4      | Found a shimmering altar of Xom.
  3912 | D:4      | Noticed a black bear
  3923 | D:3      | Reached XP level 6. HP: 40/51 MP: 6/6
  4658 | D:4      | Noticed Pikel
  4658 | D:4      | Noticed a slave
  4861 | D:4      | Noticed a slave
  4862 | D:4      | Noticed a slave
  4916 | D:4      | Found a transporter.
  5107 | D:4      | Killed a slave
  5920 | D:5      | Entered Level 5 of the Dungeon
  6021 | D:4      | Slain by a killer bee

Vault maps used:
D:1:      dpeg_arrival_boxorama
D:2:      uniq_terence
D:3:      lightli_temple_of_fire, first_ration, eino_tiny_chamber
D:4:      gammafunk_steamed_eel, xom_confusion_cloud, uniq_pikel
D:5:      uniq_sigmund

Skill      XL: |  1  2  3  4  5 |
---------------+----------------+-----
Bows           | 6 7 8 9 |  9.7
Fighting       | 3 |  3.8
Dodging        | |  1.3
Stealth        | |  0.4

Action                   |  1- 3 |  4- 6 || total
-------------------------+-------+-------++-------
Melee: Short sword       |    86 |   256 ||   342
       Kick              |    13 |    57 ||    70
 Fire: Shortbow          |    32 |    48 ||    80
Throw: Throwing net      |       |     3 ||     3
  Use: Scroll            |     1 |     3 ||     4
       Potion            |       |     3 ||     3
  Eat: Chunk             |     2 |     6 ||     8
       Ration            |       |     2 ||     2
Armor: Leather armour    |    36 |     2 ||    38
       Skin              |       |    34 ||    34
       Ring mail         |       |    78 ||    78
Dodge: Dodged            |    36 |    96 ||   132

Table legend:
 A = Spawn XP
 B = Non-spawn XP
 C = Spawn XP percentage of total XP
 D = Spawn monster count
 E = Non-spawn monster count
 F = Spawn count percentage of total count
 G = Total turns spent on level
                    A         B        C        D         E        F      G
               +---------+---------+-------+---------+---------+-------+---------
         Total |       0 |     648 |   0.0 |       0 |      63 |   0.0 |  6021
               +---------+---------+-------+---------+---------+-------+---------
           D:1 |       0 |      27 |   0.0 |       0 |      14 |   0.0 |   812
           D:2 |       0 |      74 |   0.0 |       0 |      12 |   0.0 |  1382
           D:3 |       0 |     276 |   0.0 |       0 |      24 |   0.0 |  2170
           D:4 |       0 |     243 |   0.0 |       0 |      10 |   0.0 |  1587
           D:5 |       0 |      28 |   0.0 |       0 |       3 |   0.0 |    70
               +---------+---------+-------+---------+---------+-------+---------
